 Dungeon Crawl Stone Soup version 0.28-a0-580-ga2639ab843 (webtiles) character file.

Game seed: 5049860516379229900

21 freelancePsychic the Gusty (level 2, -1/19 HPs)
             Began as a Demonspawn Air Elementalist on Oct 3, 2021.
             Slain by a hobgoblin (5 damage)
             ... on level 1 of the Dungeon.
             The game lasted 00:02:24 (890 turns).

freelancePsychic the Gusty (DsAE)                    Turns: 890, Time: 00:02:25

Health: -1/19      AC:  2    Str:  8    XL:     2   Next: 62%
Magic:  1/5        EV: 12    Int: 16    God:
Gold:   16         SH:  0    Dex: 13    Spells: 2/5 levels left

rFire   . . .      SeeInvis .   (no weapon)
rCold   . . .      Faith    .   (no shield)
rNeg    . . .      Spirit   .   a - +0 robe
rPois   .          Reflect  .   (no helmet)
rElec   .          Harm     .   (no cloak)
rCorr   .          Rampage  .   (no gloves)
Will    .....                   (no boots)
Stlth   ++........              (no amulet)
HPRegen 0.06/turn               (no ring)
MPRegen 0.09/turn               (no ring)

@: brilliant
A: claws 1
a: no special abilities


You were on level 1 of the Dungeon.
You visited 1 branch of the dungeon, and saw 2 of its levels.

You collected 16 gold pieces.

Inventory:

Armour
 a - a +0 robe (worn)
Scrolls
 c - a scroll of fog {unknown}
Potions
 d - a potion of haste {unknown}


   Skills:
 - Level 1.7 Dodging
 - Level 1.7 Stealth
 + Level 0.5 Unarmed Combat
 - Level 2.2 Spellcasting
 + Level 1.6 Conjurations
 + Level 3.0 Air Magic


You had 2 spell levels left.
You knew the following spells:

 Your Spells              Type           Power      Damage    Failure   Level
a - Shock                 Conj/Air       56%        1d6       8%          1
b - Static Discharge      Conj/Air       14%        N/A       12%         2

Your spell library contained the following spells:

 Spells                   Type           Power      Damage    Failure   Level
 Swiftness                Air            17%        N/A       17%         3
 Airstrike                Air            8%         N/A       50%         4
 Portal Projectile        Hex/Tloc       4%         N/A       52%         3
 Blade Hands              Tmut           1%         N/A       99%         5
 Excruciating Wounds      Necr           1%         N/A       99%         5


Dungeon Overview and Level Annotations

Branches:
Dungeon (2/15)

Altars:


Innate Abilities, Weirdness & Mutations

You have sharp fingernails.


Message History

You are too injured to fight recklessly!
You are too injured to fight recklessly!
You are too injured to fight recklessly!
You are too injured to fight recklessly!
You are too injured to fight recklessly!
You are too injured to fight recklessly!
You are too injured to fight recklessly!
You are too injured to fight recklessly!
Casting: Static Discharge (safe; 12% risk of failure)
Confirm with . or Enter, or press ? or * to list all spells.
The jackal is struck by an arc of lightning!
You kill the jackal!
The lightning grounds out.
The kobold shouts!
The bat hits you but does no damage. The bat barely misses you.
The ball python bites you. The ball python constricts you.
The ball python bites you. The ball python constricts you.
Casting: Static Discharge (safe; 12% risk of failure)
Confirm with . or Enter, or press ? or * to list all spells.
The bat is struck by an arc of lightning.
You kill the bat!
The lightning grounds out.
The ball python is struck by an arc of lightning.
You kill the ball python!
The lightning grounds out.
The bat misses you. The hobgoblin closely misses you.
The kobold throws a stone.
The stone completely misses you. The bat closely misses you.
The kobold throws a stone.
The stone hits you. The bat hits you. The bat hits you but does no damage.
The bat barely misses you.
You see here a ruby potion.
d - a ruby potion The hobgoblin hits you.
* * * LOW HITPOINT WARNING * * *
It was a potion of brilliance.
You feel clever all of a sudden. The bat hits you but does no damage.
The bat hits you.
* * * LOW HITPOINT WARNING * * *
The hobgoblin hits you.
You die...

..........# ..........#
..........# #######....##
###8.8###....##
######......##.....#
..†..#......##.....#
######...8..##.....#
...###....).8#..@..# .#
...#.Kb.....<#..gb.###..#
>.(#.#...(..8#.....†....##
.....#...8..##.....†......
....##......#####........#
.....#......# #.........
...#.###8.8## #..)K....#
...#.# ##### #........#
#####. #........#


You could see a hobgoblin, a bat and a kobold.

Vanquished Creatures
  A giant cockroach (D:1)
  3 goblins (D:1)
  4 hobgoblins (D:1)
  2 jackals (D:1)
  A kobold (D:1)
  A quokka (D:1)
  A ball python (D:1)
  A bat (D:1)
  4 rats (D:1)
18 creatures vanquished.

Notes
Turn   | Place    | Note
-------+----------+-------------------------------------------
     0 | D:1      | freelancePsychic the Demonspawn Air Elementalist began the
                  | quest for the Orb.
     0 | D:1      | Reached XP level 1. HP: 13/13 MP: 3/3
   416 | D:1      | Gained mutation: You have sharp fingernails. [demonic
                  | ancestry]
   416 | D:1      | Reached XP level 2. HP: 8/19 MP: 0/5
   702 | D:1      | Learned a level 2 spell: Static Discharge
   733 | D:1      | Found a faded altar of an unknown god.
   790 | D:1      | Reached skill level 3 in Air Magic
   890 | D:1      | Slain by a hobgoblin

Illustrated notes

Levels and vault maps discovered:
D:1:      mrwooster_arrival_statue_3, layout_rooms,
          ebering_ecumenical_altar_petrified, minmay_nonomino_d4
D:2:      layout_rooms, basic_altar, amethyst_killhole

Skill      XL: |  1  2 |
---------------+-------+-----
Air Magic      | 3 |  3.0
Dodging        | |  1.7
Stealth        | |  1.7
Unarmed Combat | |  0.5
Spellcasting   | |  2.2
Conjurations   | |  1.6

Action                   || total
-------------------------++-------
Melee: Unarmed           ||    37
 Cast: Shock             ||    20
       Static Discharge  ||     6
  Use: Potion            ||     1
Armor: Robe              ||    20
Dodge: Dodged            ||    56

Table legend: (Time is in decaauts)
 A = Elapsed time spent in this place.
 B = Non-inter-level travel time spent in this place.
 C = Inter-level travel time spent in this place.
 D = Time resting spent in this place.
 E = Time spent auto-exploring this place.
 F = Levels seen in this place.
 G = Mean time per level.
                   A        B        C        D        E       F      G
               +--------+--------+--------+--------+--------+-----+--------+
         Total |    890 |    890 |      0 |    184 |    538 |   2 |  445.0 |
       Dungeon |    890 |    890 |      0 |    184 |    538 |   2 |  445.0 |
               +--------+--------+--------+--------+--------+-----+--------+

Top non-repeatable levels by time:
     D:1: 888 daAuts
     D:2: 1 daAuts
